 Dungeon Crawl Stone Soup version 0.21.1-1-g345015f (webtiles) character file.

911 Mirai the Skirmisher (level 7, 0/55 HPs)
             Began as a Demonspawn Fighter on Apr 6, 2018.
             Slain by a gnoll
             ... wielding a +0 spear
              (1 damage)
             ... on level 6 of the Dungeon.
             The game lasted 00:08:48 (4745 turns).

Mirai the Skirmisher (Demonspawn Fighter)           Turns: 4745, Time: 00:08:49

Health: 0/55       AC:  7    Str: 18 (19) XL:     7   Next: 82%
Magic:  7/7        EV:  6    Int:  8 (9)  God:
Gold:   358        SH: 13    Dex:  9 (12) Spells: 6/6 levels left

rFire    . . .     SeeInvis .   a - +0 long sword
rCold    . . .     Gourm    .   q - +0 large shield
rNeg     . . .     Faith    .   b - +0 scale mail
rPois    .         Spirit   .   (helmet restricted)
rElec    .         Reflect  .   (no cloak)
rCorr    +         Harm     .   (no gloves)
MR       .....                  (no boots)
Stlth    +.........             (no amulet)
HPRegen  0.18/turn              s - ring of resist corrosion
MPRegen  0.10/turn              (no ring)

@: no status effects
A: horns 2, nightstalker 1, rot immunity
a: no special abilities


You were on level 6 of the Dungeon.
You were very hungry.

You visited 1 branch of the dungeon, and saw 6 of its levels.

You collected 358 gold pieces.

Inventory:

Hand Weapons
 a - a +0 long sword (weapon)
Armour
 b - a +0 scale mail (worn)
 q - a +0 large shield (worn)
Jewellery
 s - a ring of resist corrosion (left hand)
Wands
 v - a wand of iceblast (6)
Scrolls
 d - a scroll of fear {unknown}
 g - a scroll of remove curse {unknown}
 j - 8 scrolls of identify {unknown}
 l - a scroll of enchant weapon {unknown}
 m - 3 scrolls of random uselessness {unknown}
 n - a scroll of magic mapping {unknown}
 p - 2 scrolls of teleportation {unknown}
 r - a scroll of fog {unknown}
 t - a scroll of amnesia {unknown}
Potions
 c - a potion of degeneration
 e - a potion of resistance
 h - a potion of heal wounds
 i - a potion of invisibility {unknown}
 k - 3 potions of lignification {unknown}
 u - 2 potions of curing
 x - a potion of brilliance {unknown}
 z - a potion of agility {unknown}
Books
 o - a book of Necromancy

   Spells                             Type                      Level
   a - Pain                           Necromancy                   1
   b - Animate Skeleton               Necromancy                   1
   c - Vampiric Draining              Necromancy                   3
   d - Regeneration                   Charms/Necromancy            3
   e - Animate Dead                   Necromancy                   4
   f - Borgnjor's Vile Clutch         Necromancy/Earth             5
Comestibles
 f - 15 rations


   Skills:
 + Level 4.9 Fighting
 + Level 3.9 Long Blades
 + Level 4.5 Armour
 + Level 3.3 Dodging
 + Level 4.5 Shields


You had 6 spell levels left.
You didn't know any spells.

Dungeon Overview and Level Annotations

Branches:
Dungeon (6/15)
 Temple: D:4-7

Altars:
Ru


Innate Abilities, Weirdness & Mutations

You have a pair of horns on your head.
You are slightly more attuned to the shadows.
You are immune to rotting.


Message History

You hit the centaur but do no damage. Your headbutt misses the centaur.
The centaur is heavily wounded.
The centaur unwields an uncursed shortbow.
You block the centaur's attack. The gnoll hits you but does no damage.
The centaur closely misses you.
The centaur wields an uncursed shortbow.
The centaur shoots an arrow.
You block the arrow.
You see here an arrow.
The centaur unwields an uncursed shortbow.
The centaur hits you but does no damage.
You see here 2 arrows.
You block the centaur's attack.
You see here an arrow.
You hit the centaur. You headbutt the centaur.
The centaur is severely wounded.
The centaur hits you.
* * * LOW HITPOINT WARNING * * *
The gnoll hits you but does no damage. You block the centaur's attack.
The gnoll hits you from afar with a spear.
You die...

#.# #.# #.# ......
... #.## ......
....####..# ......
#...<#..# ....>.
####....#####......
#......5ggc.......
#.#...(..##@>.....
...#.##(####.######
......#.g(###..
........#g(#####
.......gc#
......g5...#
.............#
.#.......#####
.......#


You could see a centaur, 2 gnolls and a shadow imp.

Vanquished Creatures
  Sigmund (D:2)
  An ogre (D:5)
  3 scorpions (D:4)
  2 crimson imps (D:5)
  A bullfrog zombie (D:5)
  A hound (D:4)
  4 orc wizards
  2 orc priests
  A gnoll (D:6)
  A howler monkey skeleton (D:4)
  11 adders
  A shadow imp (D:5)
  An ooze (D:1)
  2 worms
  A dart slug (D:1)
  3 leopard geckos
  17 orcs
  4 giant cockroaches
  3 goblins
  6 hobgoblins
  7 jackals
  A quokka (D:3)
  4 ball pythons
  7 bats
  3 frilled lizards
  5 kobolds
  A quokka zombie (D:4)
  6 rats
100 creatures vanquished.

Notes
Turn   | Place    | Note
-------+----------+-------------------------------------------
     0 | D:1      | Mirai the Demonspawn Fighter began the quest for the Orb.
     0 | D:1      | Reached XP level 1. HP: 18/18 MP: 1/1
    95 | D:1      | Gained mutation: You are slightly more attuned to the shadows. [demonic ancestry]
    95 | D:1      | Reached XP level 2. HP: 22/24 MP: 2/2
   837 | D:2      | Gained mutation: You have a pair of small horns on your head. [demonic ancestry]
   837 | D:2      | Reached XP level 3. HP: 21/29 MP: 3/3
   840 | D:2      | Reached skill level 1 in Dodging
   977 | D:2      | Noticed Sigmund
   985 | D:2      | Killed Sigmund
   985 | D:2      | Reached XP level 4. HP: 37/37 MP: 4/4
   985 | D:2      | Gained mutation: You are immune to rotting. [demonic ancestry]
   985 | D:2      | Reached XP level 5. HP: 42/42 MP: 5/5
  1539 | D:3      | Reached XP level 6. HP: 48/48 MP: 6/6
  1933 | D:3      | Found a sacrificial altar of Ru.
  2865 | D:4      | Gained mutation: You have a pair of horns on your head. [demonic ancestry]
  2865 | D:4      | Reached XP level 7. HP: 29/55 MP: 7/7
  3631 | D:5      | Entered Level 5 of the Dungeon
  4745 | D:6      | HP: 1/55 [centaur (6)]
  4745 | D:6      | Slain by a gnoll

Skill      XL: |  1  2  3  4  5  6  7 |
---------------+----------------------+-----
Long Blades    | 2 3 |  3.9
Armour         | 3 4 |  4.5
Shields        | 3 4 |  4.5
Dodging        | 1 2 3 |  3.3
Fighting       | 4 |  4.9

Action                   |  1- 3 |  4- 6 |  7- 9 || total
-------------------------+-------+-------+-------++-------
Melee: Long sword        |    87 |   220 |   102 ||   409
       Headbutt          |     6 |    45 |    20 ||    71
  Use: Potion            |     1 |     3 |     2 ||     6
  Eat: Chunk             |       |     7 |     5 ||    12
Armor: Scale mail        |    47 |    86 |    32 ||   165
Dodge: Dodged            |    27 |    58 |    27 ||   112
Block: Shield            |    43 |    71 |       ||   114
       Large shield      |       |    85 |    82 ||   167
       Rpst.: Long sword |    13 |    18 |    11 ||    42
